Map: Lightshade LE

Players

Probe - Winner!

  • Race: Protoss Protoss

MeomaikA

  • Race: Zerg Zerg

Event: DreamHack SC2 Masters 2021 Fall

VOD

Have the link to the VOD?

Description

Time

  • Played on: Aug. 1, 2021, 6:44 a.m.
  • Length: 16:47

All games in this series

Show
View Real Time Build Order
Export as new Build Order

Probe Protoss - Winner!

Build Orders: Oracle Opening, Carriers 

Get SALT Encoding   

  12  0:00  Probe  
  13  0:12  Probe  
  14  0:20  Pylon  
  14  0:25  Probe  
  15  0:38  Gateway, Probe (Chrono Boost)  
  16  0:48  Probe (Chrono Boost)  
  16  0:49  Assimilator  
  17  0:53  Probe (Chrono Boost)  
  18  1:05  Probe  
  19  1:17  Probe  
  20  1:26  Pylon  
  20  1:28  Zealot (Chrono Boost)  
  20  1:29  Probe  
  23  1:34  Cybernetics Core  
  23  1:44  Probe  
  24  1:50  Pylon  
  24  1:56  Probe  
  25  2:08  Adept (Chrono Boost), Probe  
  25  2:14  Assimilator  
  28  2:20  Probe  
  29  2:31  Adept  
  29  2:32  Probe  
  32  2:40  Stargate  
  32  2:44  Probe  
  33  2:56  Nexus  
  33  3:05  Warp Gate  
  33  3:07  Probe  
  34  3:14  Gateway  
  34  3:19  Probe  
  35  3:21  Pylon  
  35  3:26  Oracle (Chrono Boost)  
  38  3:35  Probe  
  39  3:47  Probe  
  40  3:51  Void Ray (Chrono Boost)  
  40  3:59  Probe (Chrono Boost)  
  45  4:09  Probe (Chrono Boost)  
  46  4:13  Pylon  
  47  4:17  Probe (Chrono Boost)  
  47  4:19  Probe (Chrono Boost)  
  47  4:24  Probe x2 (Chrono Boost)  
  50  4:35  Probe x2  
  52  4:42  Void Ray (Chrono Boost)  
  52  4:44  Assimilator  
  52  4:45  Assimilator  
  50  4:47  Probe x2  
  50  4:48  Pylon  
  50  4:50  Stargate  
  54  4:55  Adept x2  
  54  4:59  Probe x2  
  60  5:00  Pylon  
  60  5:05  Forge  
  60  5:08  Shield Battery  
  60  5:10  Shield Battery  
  60  5:17  Shield Battery  
  60  5:18  Shield Battery  
  60  5:22  Void Ray (Chrono Boost)  
  60  5:28  Probe  
  65  5:30  Void Ray (Chrono Boost), Probe  
  70  5:40  Probe  
  71  5:43  Probe  
  71  5:48  Void Ray (Chrono Boost)  
  72  5:56  Void Ray  
  76  5:58  Probe  
  79  6:05  Photon Cannon  
  79  6:09  Adept  
  79  6:10  Adept  
  81  6:13  Photon Cannon  
  81  6:16  Probe x2  
  83  6:24  Robotics Facility  
  83  6:26  Void Ray  
  83  6:28  Probe x2  
  86  6:38  Pylon  
  86  6:39  Pylon  
  86  6:40  Pylon  
  86  6:50  Void Ray  
  86  6:54  Pylon  
  86  6:58  Nexus  
  90  7:01  Sentry  
  90  7:02  Sentry  
  90  7:03  Probe  
  95  7:14  Robotics Bay  
  93  7:16  Photon Cannon  
  93  7:18  Photon Cannon  
  93  7:20  Shield Battery  
  91  7:23  Shield Battery, Phoenix  
  91  7:29  Pylon, Photon Cannon  
  91  7:38  Probe x2  
  91  7:39  Void Ray  
  91  7:42  Protoss Air Weapons Level 1 (Chrono Boost), Observer (Chrono Boost)  
  91  7:44  Pylon  
  98  7:53  Adept  
  98  7:54  Adept  
  98  7:56  Probe x2  
  104  8:03  Shield Battery  
  104  8:04  Disruptor (Chrono Boost)  
  104  8:05  Shield Battery  
  107  8:08  Probe x2  
  109  8:14  Void Ray  
  109  8:15  Probe  
  110  8:22  Photon Cannon  
  114  8:27  Photon Cannon  
  114  8:28  Probe x2  
  116  8:35  Assimilator  
  116  8:37  Assimilator  
  116  8:39  Photon Cannon  
  116  8:42  Pylon  
  116  8:43  Disruptor (Chrono Boost)  
  116  8:46  Phoenix  
  116  8:48  Zealot x2  
  121  8:51  Probe  
  121  8:52  Probe  
  121  8:55  Void Ray  
  125  8:57  Probe  
  130  9:07  Probe  
  127  9:24  Nexus  
  127  9:25  Disruptor  
  127  9:26  Photon Cannon  
  127  9:27  Photon Cannon  
  127  9:29  Shield Battery  
  130  9:32  Shield Battery x2  
  130  9:34  Void Ray  
  130  9:35  Pylon, Shield Battery  
  130  9:42  Shield Battery  
  132  9:55  Shield Battery  
  132  9:57  Shield Battery  
  132  10:00  Pylon  
  132  10:01  Disruptor, Photon Cannon  
  132  10:05  Photon Cannon  
  132  10:06  Void Ray  
  115  10:15  Stalker x2  
  115  10:16  Void Ray, Probe  
  124  10:29  Probe x2  
  124  10:33  Fleet Beacon  
  126  10:37  Disruptor, Stargate  
  126  10:39  Sentry  
  126  10:41  Probe x2  
  126  10:42  Probe  
  134  10:47  Probe  
  135  10:50  Assimilator  
  135  10:51  Assimilator  
  135  10:52  Pylon  
  135  10:53  Probe  
  135  10:54  Probe  
  137  10:59  Zealot  
  137  11:00  Void Ray (Chrono Boost)  
  139  11:07  Void Ray (Chrono Boost), Probe x2  
  139  11:10  Flux Vanes  
  149  11:13  Observer  
  149  11:17  Probe  
  149  11:18  Probe  
  152  11:19  Carrier (Chrono Boost), Probe x2  
  152  11:22  Protoss Air Weapons Level 2 (Chrono Boost)  
  158  11:36  Carrier (Chrono Boost)  
  158  11:42  Photon Cannon  
  158  11:44  Photon Cannon  
  158  11:46  Shield Battery  
  164  11:48  Shield Battery  
  164  11:49  Carrier (Chrono Boost)  
  164  11:51  Cybernetics Core  
  158  11:57  Photon Cannon  
  158  11:59  Shield Battery  
  158  12:09  Shield Battery  
  158  12:14  Oracle (Chrono Boost)  
  158  12:17  Adept x2  
  165  12:25  Stargate  
  165  12:26  Stargate  
  165  12:27  Nexus  
  165  12:29  Pylon, Carrier (Chrono Boost)  
  171  12:30  Pylon  
  171  12:31  Observer  
  172  12:42  Carrier  
  178  12:48  Adept x2  
  178  12:53  Carrier  
  184  12:59  Photon Cannon  
  184  13:01  Photon Cannon  
  184  13:03  Shield Battery  
  187  13:20  Carrier x2 (Chrono Boost)  
  197  13:33  Carrier (Chrono Boost)  
  195  13:41  Photon Cannon  
  195  13:44  Photon Cannon  
  195  13:45  Protoss Air Armor Level 1 (Chrono Boost), Photon Cannon  
  195  13:47  Shield Battery  
  195  13:49  Twilight Council, Protoss Air Weapons Level 3 (Chrono Boost)  
  193  13:56  Assimilator  
  193  13:59  Assimilator  
  193  14:02  Carrier (Chrono Boost)  
  189  14:09  Carrier (Chrono Boost)  
  193  14:27  Oracle  
  184  14:35  Templar Archives  
  172  14:46  Adept  
  172  14:47  Adept, Gateway  
  172  14:49  Gateway  
  172  14:51  Gateway  
  176  14:54  Gateway x2, Void Ray x2  
  176  14:59  Gateway  
  176  15:00  Gateway  
  176  15:02  Charge (Chrono Boost), Gateway  
  176  15:05  Pylon  
  182  15:15  High Templar x2  
  184  15:30  Carrier  
  184  15:47  Zealot x5  
  184  15:48  Zealot  
  196  16:01  Photon Cannon  
  196  16:03  Photon Cannon  
  192  16:05  High Templar x3  
Show
View Real Time Build Order
Export as new Build Order

MeomaikA Zerg 

Build Orders: 3 Hatch before Pool 

Get SALT Encoding   

  12  0:00  Drone  
  13  0:08  Drone  
  14  0:16  Overlord  
  14  0:22  Extractor  
  14  0:23  Drone  
  15  0:35  Drone x2  
  17  0:45  Drone  
  18  1:02  Hatchery  
  17  1:16  Hatchery  
  16  1:19  Drone  
  16  1:23  Drone  
  18  1:36  Spawning Pool  
  18  1:37  Extractor  
  16  1:41  Drone  
  16  1:44  Drone  
  18  1:48  Drone  
  18  1:53  Drone  
  21  2:02  Overlord  
  21  2:15  Drone  
  21  2:17  Drone  
  21  2:22  Queen x2  
  23  2:26  Zergling x4  
  28  2:35  Zergling x4  
  30  2:46  Drone  
  30  2:48  Drone  
  32  2:52  Extractor  
  32  2:56  Drone  
  32  2:57  Drone  
  33  3:04  Lair  
  33  3:06  Extractor  
  33  3:07  Drone  
  33  3:08  Drone  
  34  3:13  Hatchery  
  34  3:14  Extractor  
  34  3:19  Queen  
  35  3:22  Overlord  
  35  3:27  Spore Crawler  
  35  3:30  Spore Crawler  
  35  3:31  Drone  
  35  3:34  Drone  
  35  3:41  Drone x3  
  38  3:46  Drone x2  
  41  3:50  Drone  
  41  3:53  Drone  
  41  3:54  Drone  
  44  4:02  Hydralisk Den  
  43  4:03  Drone  
  43  4:06  Overlord  
  44  4:12  Overlord  
  44  4:19  Overlord  
  43  4:27  Drone x2  
  43  4:31  Hydralisk x2  
  45  4:32  Muscular Augments  
  46  4:41  Hydralisk x2  
  46  4:45  Hydralisk  
  48  4:50  Zergling x4  
  52  4:53  Hydralisk  
  52  4:54  Zergling x2  
  52  4:57  Zergling x2  
  56  5:00  Hydralisk  
  56  5:03  Zergling x2  
  59  5:07  Zergling x4  
  59  5:10  Hydralisk  
  63  5:19  Drone x3  
  63  5:20  Drone  
  67  5:21  Hydralisk  
  67  5:26  Drone x2  
  67  5:28  Extractor, Drone  
  71  5:32  Hydralisk  
  73  5:38  Overlord  
  73  5:40  Overlord  
  70  5:55  Drone x3, Grooved Spines  
  70  5:56  Drone  
  71  5:59  Drone  
  71  6:01  Drone  
  71  6:04  Drone  
  72  6:05  Drone  
  72  6:07  Drone  
  72  6:09  Drone  
  74  6:12  Drone  
  75  6:20  Drone x2  
  75  6:21  Drone x3  
  80  6:26  Drone  
  80  6:27  Drone x2  
  80  6:32  Drone x2  
  85  6:33  Drone  
  85  6:38  Infestation Pit  
  85  6:39  Drone  
  86  6:41  Drone  
  87  6:53  Queen  
  85  6:55  Queen  
  85  6:56  Spore Crawler  
  85  6:58  Drone x3  
  87  7:02  Hydralisk  
  89  7:09  Drone  
  89  7:19  Overlord x3  
  89  7:33  Overlord x2  
  89  7:38  Infestor x4  
  89  7:39  Extractor x2  
  89  7:40  Drone x3  
  89  7:42  Drone x2  
  89  7:43  Drone  
  101  7:49  Hydralisk x2  
  105  7:59  Overseer  
  105  8:01  Drone x6  
  111  8:12  Hatchery  
  110  8:18  Burrow  
  110  8:19  Neural Parasite  
  110  8:20  Hydralisk  
  112  8:28  Drone x5  
  112  8:29  Drone x4  
  121  8:39  Evolution Chamber  
  121  8:40  Drone  
  121  8:41  Overlord  
  121  8:42  Overlord  
  121  8:43  Overlord  
  121  8:46  Overlord  
  121  8:55  Queen  
  120  8:56  Metabolic Boost  
  120  9:12  Hydralisk x7  
  120  9:13  Hydralisk x3  
  120  9:16  Hydralisk  
  140  9:20  Hydralisk  
  140  9:22  Overlord  
  144  9:26  Zerg Missile Weapons Level 1  
  144  9:30  Overlord  
  144  9:31  Hydralisk  
  144  9:33  Drone x5  
  144  9:34  Overlord  
  144  9:35  Overlord  
  151  9:42  Overlord  
  151  9:43  Hydralisk x2  
  151  9:44  Hydralisk  
  156  9:48  Hydralisk x2  
  156  9:52  Hydralisk  
  141  10:09  Hydralisk x2  
  141  10:10  Hydralisk x3  
  141  10:13  Drone  
  141  10:14  Drone x7  
  124  10:19  Drone x2  
  124  10:20  Extractor  
  130  10:21  Extractor  
  130  10:23  Drone x3  
  132  10:29  Spine Crawler  
  132  10:34  Extractor  
  130  10:37  Hatchery  
  130  10:42  Queen  
  131  10:45  Drone x3  
  131  10:46  Drone  
  131  10:47  Drone  
  136  10:51  Hatchery  
  136  10:54  Drone x5  
  136  10:55  Drone  
  136  10:56  Overlord  
  141  11:09  Overlord  
  141  11:10  Drone x6  
  141  11:11  Drone  
  148  11:12  Extractor  
  148  11:13  Drone  
  148  11:28  Extractor  
  147  11:32  Lair  
  147  11:33  Infestor x5  
  147  11:34  Infestor x4  
  147  11:37  Drone x2  
  147  11:39  Overlord  
  167  11:45  Overlord  
  167  11:53  Drone x3  
  170  11:55  Extractor, Drone x3  
  170  11:57  Extractor  
  170  12:00  Zerg Ground Armor Level 1  
  171  12:04  Overlord  
  171  12:06  Spawning Pool  
  171  12:07  Evolution Chamber  
  163  12:17  Drone x5  
  163  12:18  Drone x6  
  174  12:26  Hydralisk x5  
  174  12:28  Hydralisk x2  
  188  12:31  Hydralisk  
  188  12:32  Hydralisk  
  188  12:33  Zerg Missile Weapons Level 2  
  188  12:35  Hydralisk, Hive  
  194  12:39  Hydralisk x2  
  194  12:42  Hydralisk x2  
  196  12:53  Drone x2  
  196  12:54  Drone x2  
  200  13:01  Overlord  
  200  13:09  Spine Crawler  
  200  13:10  Spore Crawler, Spine Crawler  
  200  13:11  Hatchery  
  193  13:22  Spore Crawler  
  193  13:24  Spore Crawler x2  
  193  13:25  Spore Crawler  
  193  13:26  Spore Crawler  
  184  13:27  Infestor x9  
  184  13:34  Hatchery  
  180  14:00  Viper x2  
  180  14:01  Viper x4  
  198  14:06  Zerg Ground Armor Level 2  
  198  14:40  Hatchery  
  198  14:44  Infestor x9  
  197  14:53  Hatchery  
  196  15:04  Infestor x2  
  149  15:44  Hydralisk x31  
  149  15:45  Hydralisk  
  149  15:49  Hydralisk x2  
  189  15:50  Hydralisk x4  
  189  15:51  Hydralisk x2  
  189  15:52  Hydralisk x3  
  189  15:53  Hydralisk x2  
  189  15:54  Hydralisk x5  
  194  15:59  Viper x2  
  200  16:10  Hydralisk x2  

Tags
 
Add a new tag
Caveats
  • Supply blocks, unpowered buildings, or Contaminate may cause inaccurate times.
  • Supply counts are checked every 10 seconds.